 Dungeon Crawl Stone Soup version 0.28-a0-631-g0446da8ef9 (webtiles) character file.

Game seed: 1117777422793623064

72097 timneilson the Blocker (level 15, -12/134 HPs)
             Began as a Deep Dwarf Fighter on Oct 10, 2021.
             Was the Champion of Makhleb.
             Mangled by Rupert (31 damage)
             ... on level 12 of the Dungeon.
             The game lasted 00:54:24 (17142 turns).

timneilson the Blocker (Deep Dwarf Fighter)        Turns: 17142, Time: 00:54:26

Health: -12/134    AC: 19    Str: 25    XL:     15   Next: 0%
Magic:  9/9        EV: 11    Int: 20    God:    Makhleb [******]
Gold:   1046       SH: 12    Dex: 12    Spells: 14/14 levels left

rFire   + . .      SeeInvis .   x - +0 scimitar (spect)
rCold   + + .      Faith    .   O - +0 buckler of the Battered Hells {rPois rC+ Will+ Int+6}
rNeg    + . .      Spirit   .   i - +0 plate armour {rF+}
rPois   +          Reflect  +   (no helmet)
rElec   .          Harm     .   (no cloak)
rCorr   .          Rampage  .   (no gloves)
Will    +++++                   M - +2 pair of boots of Purpose {Will+ Int+4}
Stlth   ..........              H - amulet of reflection
HPRegen 0.00/turn               S - +4 ring of slaying
MPRegen 0.11/turn               y - ring of Psychosis {rC+ Will+}

@: no status effects
A: damage resistance, heal wounds, negative energy resistance 1, sense
surroundings 2, no regeneration
a: Heal Wounds, Renounce Religion, Minor Destruction, Lesser Servant of Makhleb,
Major Destruction, Greater Servant of Makhleb


You were on level 12 of the Dungeon.
You worshipped Makhleb.
Makhleb was exalted by your worship.
You visited 4 branches of the dungeon, and saw 21 of its levels.
You also visited: Sewer.

You collected 2547 gold pieces.
You spent 1501 gold pieces at shops.

Inventory:

Hand Weapons
 a - a +1 vampiric long sword
 x - a +0 spectral scimitar (weapon)
 G - a +1 scimitar of flaming
Armour
 i - a +0 plate armour of fire resistance (worn)
 M - the +2 pair of boots of Purpose (worn) {Will+ Int+4}
   (You found it on level 2 of the Lair of Beasts)

   Int:       It affects your intelligence (+4).
   Will:      It increases your willpower.
 O - the +0 buckler of the Battered Hells (worn) {rPois rC+ Will+ Int+6}
   (You found it on level 4 of the Lair of Beasts)

   Int:       It affects your intelligence (+6).
   rC:        It protects you from cold.
   rPois:     It protects you from poison.
   Will:      It increases your willpower.
Jewellery
 g - a +4 ring of evasion
 y - the ring of Psychosis (right hand) {rC+ Will+}
   (You acquired it on level 8 of the Dungeon)

   [ring of willpower]

   rC:        It protects you from cold.
   Will:      It increases your willpower.
 B - a ring of poison resistance
 F - a ring of ice
 H - an amulet of reflection (around neck)
 Q - a ring of flight
 R - a ring of resist corrosion
 S - a +4 ring of slaying (left hand)
Wands
 c - a wand of flame (29)
 p - a wand of mindburst (58)
 z - a wand of paralysis (7)
 C - a wand of iceblast (6)
 L - a wand of acid (8)
 N - a wand of charming (6)
Scrolls
 j - 14 scrolls of teleportation
 m - 3 scrolls of enchant armour
 q - 2 scrolls of holy word
 w - 2 scrolls of enchant weapon
 D - a scroll of summoning
 I - a scroll of silence
 J - 3 scrolls of amnesia
 K - a scroll of fear
 P - a scroll of magic mapping
Potions
 b - 2 potions of heal wounds
 d - 4 potions of might
 e - 4 potions of curing
 f - 4 potions of attraction
 h - 2 potions of invisibility {unknown}
 k - 6 potions of flight
 l - a potion of resistance
 n - 6 potions of lignification
 o - 6 potions of brilliance
 r - 2 potions of mutation
 s - 6 potions of cancellation
 t - 2 potions of magic {unknown}
 u - 10 potions of ambrosia
 v - a potion of haste
 E - 2 potions of degeneration {unknown}
Miscellaneous
 A - a tin of tremorstones (1/2)


   Skills:
 + Level 8.7 Fighting
 * Level 12.7 Long Blades
 * Level 13.9 Armour
 + Level 9.7 Dodging
 * Level 14.0 Shields
 + Level 10.1 Invocations
 + Level 10.2 Evocations


You had 14 spell levels left.
You didn't know any spells.
Your spell library contained the following spells:

 Spells                   Type           Power      Damage    Failure   Level
 Animate Skeleton         Necr           0%         N/A       83%         1
 Foxfire                  Conj/Fire      0%         2x1d4     83%         1
 Pain                     Necr           0%         1d4       83%         1
 Blink                    Tloc           N/A        N/A       92%         2
 Ensorcelled Hibernation  Hex/Ice        0%         N/A       92%         2
 Slow                     Hex            0%         N/A       92%         2
 Static Discharge         Conj/Air       0%         N/A       92%         2
 Confusing Touch          Hex            0%         N/A       99%         3
 Conjure Flame            Conj/Fire      0%         6-21      99%         3
 Frozen Ramparts          Ice            0%         1d2       99%         3
 Ignite Poison            Fire/Tmut/Pois 0%         N/A       99%         3
 Inner Flame              Hex/Fire       0%         N/A       99%         3
 Lesser Beckoning         Tloc           0%         N/A       99%         3
 Portal Projectile        Hex/Tloc       0%         N/A       99%         3
 Spider Form              Tmut/Pois      0%         N/A       99%         3
 Stone Arrow              Conj/Erth      0%         3d7       99%         3
 Vampiric Draining        Necr           0%         2d6       99%         3
 Animate Armour           Summ/Erth      0%         N/A       100%        4
 Flame Wave               Conj/Fire      0%         3d3       100%        4
 Hailstorm                Conj/Ice       0%         3d3       100%        4
 Ice Form                 Ice/Tmut       0%         N/A       100%        4
 Passage of Golubria      Tloc           N/A        N/A       100%        4
 Sticky Flame             Conj/Fire      0%         2d3       100%        4
 Summon Ice Beast         Ice/Summ       0%         N/A       100%        4
 Blade Hands              Tmut           0%         N/A       100%        5
 Excruciating Wounds      Necr           0%         N/A       100%        5
 Lightning Bolt           Conj/Air       0%         1d11      100%        5
 Manifold Assault         Tloc           0%         N/A       100%        5
 Silence                  Hex/Air        0%         N/A       100%        5
 Simulacrum               Ice/Necr       0%         N/A       100%        6
 Lehudib's Crystal Spear  Conj/Erth      0%         10d2      100%        8
 Maxwell's Capacitive Co  Air            0%         ∞         100%        8


Dungeon Overview and Level Annotations

Branches:
Dungeon (12/15)            Temple (1/1) D:5            Lair (6/6) D:8
 Shoals (0/4) Lair:4        Snake (0/4) Lair:2        Slime (0/5) Lair:6
    Orc (2/2) D:11            Elf (0/3) Orc:2         Sewer (visited)

Altars:
Ashenzari
Cheibriados
Dithmenos
Elyvilon
Fedhas
Gozag
Hepliaklqana
Kikubaaqudgha
Makhleb
Nemelex Xobeh
Okawaru
Qazlal
Ru
Sif Muna
Trog
Uskayaw
Vehumet
Wu Jian
Xom
Yredelemnul
Zin
The Shining One
Jiyva
Lugonu

Shops:
Orc:2 ((:=

Annotations:
D:12 Rupert
Lair:5 2 transporters


Innate Abilities, Weirdness & Mutations

You are resistant to damage.
You can heal yourself by infusing magical energy.
You resist negative energy. (rN+)
You passively map the area around you.
You do not regenerate.


Message History

The manticore is almost dead.
Your +0 spectral scimitar barely misses the manticore.
You slash the manticore!
You kill the manticore!
Makhleb accepts your kill.
You feel better.
You have reached level 15!
Your experience leads to an increase in your attributes!
Your base attributes are Str 24, Int 10, Dex 12.
Increase (S)trength, (I)ntelligence, or (D)exterity?
You feel stronger.
You hit Rupert but do no damage.
Your +0 spectral scimitar hits Rupert.
Rupert roars madly and goes into a rage!
Rupert goes berserk!
You closely miss Rupert.
Rupert is lightly wounded.
Your +0 spectral scimitar misses Rupert.
Rupert hits you with a +3 great mace of protection!!
You slash Rupert!
Rupert is lightly wounded.
Your +0 spectral scimitar barely misses Rupert.
Rupert hits you with a +3 great mace of protection!!
* * * LOW HITPOINT WARNING * * *
You feel much better.
Rupert hits you with a +3 great mace of protection!
Rupert hits you with a +3 great mace of protection!!
* * * LOW HITPOINT WARNING * * *
You feel much better.
Rupert hits you with a +3 great mace of protection!
You hit Rupert.
Rupert is lightly wounded.
Your +0 spectral scimitar closely misses Rupert.
Rupert hits you with a +3 great mace of protection.
You slash Rupert!
Rupert is lightly wounded.
Your +0 spectral scimitar hits Rupert but does no damage.
Rupert hits you with a +3 great mace of protection!!
* * * LOW HITPOINT WARNING * * *
Rupert hits you with a +3 great mace of protection!!!
You die...

........(........#####.
,
######'###+##<..[.......
,
............#...........
,,
............'...........
............#..........
* ..........>.#........#
* ...........>+........+
, , ,
............#........+ ,
, ............#...@....#
* ..#####.....#....@(..#
,,, *, , ##
,,#######........# , , ,
...........#, , ,
.............# * ,
..............., ,
............... ,
#####.......... , , * *
* *


You could see Rupert (berserk) and a friendly +0 spectral scimitar (summoned).

Vanquished Creatures
  An orc warlord (Orc:1)
  A stone giant (Orc:1)
  A dire elephant (Lair:6)
  An ettin (Orc:1)
  Erica (D:11)
  Harold (D:7)
  2 boulder beetles
  4 hydras
  7 two-headed ogres
  2 catoblepae
  The ghost of bande the Cleaver, a journeyman GrFi of Okawaru (Lair:2)
  5 death yaks (Lair:6)
  6 orc high priests (Orc:2)
  A deep troll shaman (Lair:6)
  The ghost of Maimakterion the Basher, a novice OgBe of Trog (D:7)
  A lindwurm (Lair:5)
  9 orc knights
  An ugly thing (D:11)
  2 manticores (D:12)
  3 cyclopes
  A moth of wrath (Lair:2)
  8 black mambas
  13 elephants
  Maggie (D:6)
  10 cane toads
  2 unseen horrors
  4 rime drakes
  16 komodo dragons
  2 trolls
  A queen bee (Lair:3)
  4 merfolk (Lair:4)
  A polar bear (Lair:4)
  8 slime creatures
  16 blink frogs
  Sigmund (D:6)
  2 wraiths
  39 yaks
  The ghost of timneilson the Covered, an amateur DDFi (D:3)
  5 fire bats (Orc:2)
  3 basilisks
  A steam dragon (D:8)
  4 wyverns
  Menkaure (D:6)
  3 wargs
  2 nagas (Lair:2)
  An acid dragon (D:9)
  12 water moccasins
  36 orc warriors
  2 sky beasts (D:6)
  3 ice beasts
  2 black bears (Lair:6)
  18 wolves
  3 necrophages
  9 ogres
  11 centaurs
  A phantom (D:6)
  3 kobold brigands
  16 bullfrogs
  3 scorpions
  2 water moccasin skeletons
  29 killer bees
  4 howler monkeys
  A spectral centaur (D:7)
  A crimson imp (D:4)
  A bullfrog zombie (D:5)
  2 centaur zombies
  2 hounds
  21 orc priests
  A centaur skeleton (D:5)
  2 bullfrog skeletons
  7 iguanas
  23 orc wizards
  A killer bee zombie (D:7)
  A centaur simulacrum (D:7)
  6 gnolls
  6 river rats
  10 adders
  A howler monkey simulacrum (D:7)
  An adder zombie (D:5)
  2 worms
  A dart slug (D:4)
  70 orcs
  11 ball pythons
  3 bats
  11 endoplasms
  5 giant cockroaches
  8 goblins
  9 hobgoblins
  4 jackals
  31 kobolds
  7 quokkas
  4 frilled lizards
  29 rats
637 creatures vanquished.

Vanquished Creatures (others)
  2 kobolds (D:8)
  13 fungi
  39 plants
54 creatures vanquished.

Grand Total: 691 creatures vanquished

Notes
Turn   | Place    | Note
-------+----------+-------------------------------------------
     0 | D:1      | timneilson the Deep Dwarf Fighter began the quest for the
                  | Orb.
     0 | D:1      | Reached XP level 1. HP: 20/20 MP: 1/1
   138 | D:1      | Reached XP level 2. HP: 22/27 MP: 2/2
  1014 | D:2      | Found a faded altar of an unknown god.
  1077 | D:2      | Reached XP level 3. HP: 13/33 MP: 3/3
  1389 | D:2      | Noticed a scorpion
  1404 | D:2      | Killed a scorpion
  1405 | D:2      | Reached skill level 1 in Dodging
  1405 | D:2      | Reached skill level 4 in Shields
  1405 | D:2      | Reached XP level 4. HP: 13/42 MP: 3/3
  1464 | D:2      | Identified a scroll of acquirement
  1464 | D:2      | Acquired 876 gold pieces
  1578 | D:2      | Reached XP level 5. HP: 16/49 MP: 4/4
  1829 | D:3      | Found a transporter.
  1832 | D:3      | Identified the +11 dire flail of the Four Visions {vorpal,
                  | rF+ Int+2}
  1832 | D:3      | Noticed an ogre
  1834 | D:3      | Noticed timneilson's ghost (amateur DDFi)
  1835 | D:3      | Found a transporter.
  1862 | D:3      | Found a sacrificial altar of Ru.
  1917 | D:3      | Found a sparkling altar of Nemelex Xobeh.
  2161 | D:4      | Found a glowing drain.
  2210 | Sewer    | Entered a sewer
  2340 | Sewer    | Reached XP level 6. HP: 36/56 MP: 4/4
  2487 | Sewer    | Reached skill level 5 in Shields
  2817 | D:4      | Reached skill level 5 in Armour
  3368 | D:4      | Reached XP level 7. HP: 59/62 MP: 5/5
  3494 | D:4      | Found a burning altar of Makhleb.
  3494 | D:4      | Found a radiant altar of Vehumet.
  3503 | D:4      | Became a worshipper of Makhleb the Destroyer
  3719 | D:5      | Entered Level 5 of the Dungeon
  3755 | D:5      | Noticed a two-headed ogre
  3770 | D:5      | Killed a two-headed ogre
  3771 | D:5      | Reached skill level 5 in Long Blades
  3771 | D:5      | Reached skill level 6 in Shields
  3771 | D:5      | Reached XP level 8. HP: 48/72 MP: 6/6
  3930 | D:5      | Found a staircase to the Ecumenical Temple.
  3937 | Temple   | Entered the Ecumenical Temple
  4116 | D:5      | Found an iron altar of Okawaru.
  4231 | D:5      | Reached skill level 7 in Shields
  4444 | D:6      | Noticed Maggie
  4479 | D:6      | Killed Maggie
  4480 | D:6      | Gained mutation: You passively map the area around you.
                  | [Deep Dwarf growth]
  4480 | D:6      | Reached XP level 9. HP: 52/79 MP: 6/6
  4487 | D:6      | Found a blossoming altar of Fedhas.
  4555 | D:6      | Reached * piety under Makhleb
  4556 | D:6      | Reached skill level 1 in Invocations
  4556 | D:6      | Reached skill level 1 in Evocations
  4683 | D:6      | Found a snail-covered altar of Cheibriados.
  4685 | D:6      | Found a bloodstained altar of Trog.
  4724 | D:6      | Found an opulent altar of Gozag.
  4868 | D:6      | Noticed Menkaure
  4878 | D:6      | Killed Menkaure
  4879 | D:6      | Reached skill level 5 in Fighting
  4992 | D:6      | Noticed Sigmund
  4993 | D:6      | You fall into a shaft and drop 3 floors!
  4993 | D:9      | Noticed a two-headed ogre
  5005 | D:9      | Killed a two-headed ogre
  5006 | D:9      | Reached skill level 5 in Dodging
  5006 | D:9      | Reached skill level 8 in Shields
  5048 | D:9      | Noticed a two-headed ogre
  5053 | D:9      | Killed a two-headed ogre
  5054 | D:9      | Reached XP level 10. HP: 81/88 MP: 8/8
  5129 | D:8      | Acquired the ring of Psychosis {rC+ Will+}
  5238 | D:7      | Reached ** piety under Makhleb
  5517 | D:6      | Killed Sigmund
  5638 | D:7      | Noticed Harold
  5659 | D:7      | Killed Harold
  5660 | D:7      | Reached skill level 9 in Shields
  5738 | D:7      | Found a runed translucent gate.
  5738 | D:7      | Found a runed translucent gate.
  5738 | D:7      | Found a runed translucent gate.
  5741 | D:7      | Noticed Maimakterion's ghost (novice OgBe)
  5811 | D:7      | Found a broken altar of Ashenzari.
  6003 | D:7      | Identified the +4 robe "Xisiuff" {Harm rElec rC+ Dex-4}
  6952 | D:8      | Found a staircase to the Lair.
  7076 | D:9      | Noticed a cyclops
  7100 | D:9      | Killed a cyclops
  7144 | D:9      | Found a glowing silver altar of Zin.
  7158 | D:9      | Noticed a two-headed ogre
  7163 | D:9      | Killed a two-headed ogre
  7255 | D:9      | Reached XP level 11. HP: 48/97 MP: 9/9
  7458 | D:9      | Reached *** piety under Makhleb
  7773 | D:10     | Entered Level 10 of the Dungeon
  7869 | D:10     | Noticed a two-headed ogre
  7878 | D:10     | Killed a two-headed ogre
  7879 | D:10     | Reached skill level 5 in Evocations
  7897 | D:10     | Reached skill level 5 in Invocations
  7934 | D:10     | Found a shadowy altar of Dithmenos.
  8006 | D:10     | Found a basalt altar of Yredelemnul.
  8075 | D:10     | Noticed a +0 hand axe
  8075 | D:10     | Noticed a +0 hand axe
  8083 | D:10     | Found a hide-covered altar of Uskayaw.
  8153 | D:10     | Found a white marble altar of Elyvilon.
  8223 | D:10     | Found a shimmering blue altar of Sif Muna.
  8304 | D:10     | Reached skill level 10 in Shields
  8612 | D:11     | Found a staircase to the Orcish Mines.
  8619 | D:11     | Reached skill level 10 in Armour
  8700 | D:11     | Noticed Erica
  8712 | D:11     | Killed Erica
  9637 | D:12     | Noticed a boulder beetle
  9773 | Lair:1   | Entered Level 1 of the Lair of Beasts
  9773 | Lair:1   | Found an ornate altar of the Wu Jian Council.
 10103 | Lair:1   | Reached **** piety under Makhleb
 10660 | Lair:1   | Reached XP level 12. HP: 72/106 MP: 8/8
 10739 | Lair:1   | Reached skill level 11 in Shields
 10788 | Lair:2   | Noticed bande's ghost (journeyman GrFi)
 10995 | D:3      | Killed timneilson's ghost
 11209 | D:7      | Killed Maimakterion's ghost
 11210 | D:7      | Reached skill level 10 in Long Blades
 11483 | Lair:2   | Noticed an eight-headed hydra
 11493 | Lair:2   | Found a transporter.
 11519 | Lair:2   | Found a staircase to the Snake Pit.
 11522 | Lair:2   | Found a transporter.
 11769 | Lair:2   | Noticed a four-headed hydra
 11777 | Lair:2   | Killed a one-headed hydra
 12141 | Lair:2   | Killed a four-headed hydra
 12159 | Lair:2   | Killed bande's ghost
 12194 | Lair:2   | Identified the +2 pair of boots of Purpose {Will+ Int+4}
 12318 | Lair:3   | Reached XP level 13. HP: 105/115 MP: 9/9
 12378 | Lair:3   | Reached skill level 12 in Shields
 12601 | Lair:3   | Reached ***** piety under Makhleb
 13363 | Lair:4   | Found a staircase to the Shoals.
 13582 | Lair:4   | Identified the +0 buckler of the Battered Hells {rPois rC+
                  | Will+ Int+6}
 13921 | Lair:5   | Found a transporter.
 14074 | Lair:5   | Found a transporter.
 14482 | Lair:6   | Entered Level 6 of the Lair of Beasts
 14570 | Lair:6   | Reached ****** piety under Makhleb
 14662 | Lair:6   | Reached skill level 13 in Shields
 14662 | Lair:6   | Gained mutation: You resist negative energy. (rN+) [Deep
                  | Dwarf growth]
 14662 | Lair:6   | Reached XP level 14. HP: 123/126 MP: 11/11
 14974 | Lair:6   | Found a viscous altar of Jiyva.
 14974 | Lair:6   | Found a staircase to the Slime Pits.
 15436 | Orc:1    | Entered Level 1 of the Orcish Mines
 15458 | Orc:1    | Found a radiant altar of Vehumet.
 15510 | Orc:1    | Noticed a stone giant
 15528 | Orc:1    | Killed a stone giant
 15555 | Orc:1    | Noticed an orc warlord
 15570 | Orc:1    | Killed an orc warlord
 16003 | Orc:2    | Entered Level 2 of the Orcish Mines
 16386 | Orc:2    | Found a staircase to the Elven Halls.
 16707 | Orc:2    | Reached skill level 10 in Evocations
 16732 | Orc:2    | Reached skill level 10 in Invocations
 16814 | Orc:2    | Found Xigamu's Weapon Emporium.
 16814 | Orc:2    | Found Sarpho's Antique Weapon Emporium.
 16815 | Orc:2    | Found Jutsaxt's Jewellery Emporium.
 16815 | Orc:2    | Found Vuwun's Book Shoppe.
 16831 | Orc:2    | Bought a ring of flight for 227 gold pieces
 16831 | Orc:2    | Bought a ring of resist corrosion for 260 gold pieces
 16831 | Orc:2    | Bought a +4 ring of slaying for 1014 gold pieces
 17024 | D:11     | Reached skill level 14 in Shields
 17130 | D:12     | Noticed Rupert
 17135 | D:12     | Reached XP level 15. HP: 88/134 MP: 9/9
 17142 | D:12     | Mangled by Rupert

Illustrated notes

Levels and vault maps discovered:
D:1:      saegor_arrival_simple_d, layout_basic
D:2:      layout_loops_ring, shapermc_ecumenical_altar_notcrosses
D:3:      layout_rooms, nicolae_ru_sacrificial_ziggurat, lemuel_doored_altar,
          gammafunk_ghost_smash, grunt_ministairs_4
D:4:      layout_loops_corners, grunt_temple_overflow_lords_of_destruction,
          portal_sewer_entry_c, minmay_cut_off
D:5:      layout_basic, mainiacjoe_overflow_cross_hatched, temple_green
D:6:      layout_loops_ring, grunt_gozag_statues,
          mainiacjoe_overflow_tiny_flanked, grunt_temple_overflow_open,
          minmay_puff, uniq_menkaure, uniq_sigmund, uniq_maggie
D:7:      layout_loops_ring, nicolae_ashenzari_panopticon,
          gammafunk_ghost_necromancy, uniq_harold
D:8:      layout_basic, lair_entry_dummy, minmay_misc_feat_roman
D:9:      layout_loops_ring, mainiacjoe_overflow_brackets
D:10:     layout_basic, kennysheep_ying_yang, dancing_weapons_uskayaw,
          grunt_dithmenos_smoke, mainiacjoe_overflow_alcove_4,
          hangedman_decor_slide_cut
D:11:     layout_basic, roderic_roman_lattice, kennysheep_cross_room, uniq_erica
D:12:     hangedman_what_comes_after_a, layout_irregular_city, uniq_rupert,
          uniq_josephine
Temple:   corrupted_temple
Lair:1:   layout_cave_pods, basic_altar, lemuel_fruit_fields
Lair:2:   layout_cave_shapes, guppyfry_snake_entry_garden,
          gammafunk_ghost_berserking_beasts
Lair:3:   layout_small_grid, special_room [special_room_bee]
Lair:4:   layout_loops_ring, elwin_shoals_entry_stream, columned_hall_lemuel
Lair:5:   gammafunk_cloud_chamber, layout_gridlike
Lair:6:   grunt_lair_end_beastmaster, layout_misc_corridors, slime_altar_1,
          lemuel_fruit_tree
Orc:1:    layout_caves, basic_altar, hellmonk_guarded_unrand_dark_maul
Orc:2:    st_orc_pillars, layout_caves, nicolae_orc_lava_tube

Skill      XL: |  1  2  3  4  5  6  7  8  9 10 11 12 13 14 |
---------------+-------------------------------------------+-----
Fighting       | 3 4 5 6 7 8 |  8.7
Armour         | 4 5 6 7 8 9 10 11 12 13 | 13.9
Dodging        | 1 2 3 4 5 6 7 8 9 |  9.7
Shields        | 4 5 6 7 8 9 10 11 13 14 | 14.0
Long Blades    | 3 4 5 6 7 8 9 10 11 12 | 12.7
Invocations    | 3 4 6 7 8 10 | 10.1
Evocations     | 3 4 6 7 9 10 | 10.2

Action                   |  1- 3 |  4- 6 |  7- 9 | 10-12 | 13-15 || total
-------------------------+-------+-------+-------+-------+-------++-------
Melee: Long sword        |    89 |   300 |   309 |   177 |       ||   875
       Scimitar          |       |       |       |   528 |   837 ||  1365
 Abil: Heal Wounds       |     1 |     4 |     4 |    17 |    19 ||    45
Evoke: Wand              |       |       |       |       |    13 ||    13
       Tin of tremorston |       |       |       |       |     2 ||     2
  Use: Scroll            |     2 |    11 |     1 |    11 |     2 ||    27
       Potion            |       |     1 |     4 |     4 |       ||     9
 Stab: Distracted        |       |       |       |     6 |    10 ||    16
       Petrified         |       |       |       |       |    10 ||    10
       Petrifying        |       |       |       |       |     1 ||     1
       Paralysed         |       |       |       |       |     3 ||     3
Armor: Scale mail        |    33 |    17 |       |       |       ||    50
       Chain mail        |       |   111 |   118 |    77 |       ||   306
       Plate armour      |       |       |       |   229 |   258 ||   487
Dodge: Dodged            |    41 |   248 |   158 |   488 |   356 ||  1291
Block: Buckler           |    19 |   123 |    73 |   297 |   507 ||  1019
       Reflection        |       |       |       |       |     5 ||     5

Table legend: (Time is in decaauts)
 A = Elapsed time spent in this place.
 B = Non-inter-level travel time spent in this place.
 C = Inter-level travel time spent in this place.
 D = Time resting spent in this place.
 E = Time spent auto-exploring this place.
 F = Levels seen in this place.
 G = Mean time per level.
                   A        B        C        D        E       F      G
               +--------+--------+--------+--------+--------+-----+--------+
         Total |  17063 |  15650 |   1413 |     29 |  10758 |  22 |  775.6 |
       Dungeon |   9886 |   8876 |   1010 |     16 |   6262 |  12 |  823.8 |
        Temple |     54 |     42 |     12 |      0 |     35 |   1 |   54.0 |
          Lair |   5001 |   4666 |    335 |     13 |   3219 |   6 |  833.5 |
  Orcish Mines |   1490 |   1435 |     55 |      0 |    891 |   2 |  745.0 |
         Sewer |    630 |    630 |      0 |      0 |    351 |   1 |  630.0 |
               +--------+--------+--------+--------+--------+-----+--------+

Top non-repeatable levels by time:
     D:7: 1094 daAuts
     D:4: 1064 daAuts
    D:11: 1034 daAuts
  Lair:2: 1021 daAuts
  Lair:1: 1010 daAuts
     D:6: 995 daAuts
  Lair:3: 915 daAuts
    D:10: 864 daAuts
     D:1: 860 daAuts
     D:9: 850 daAuts
     D:8: 839 daAuts
   Orc:2: 811 daAuts
  Lair:6: 739 daAuts
  Lair:4: 735 daAuts
     D:2: 709 daAuts
